Bruins vs Hurricanes

Created - 30 septembre 2018 at 22:13

Simulating a Pre-Season

Goals
1 2 3 T
Bruins 3 0 1 4
Hurricanes 0 0 1 1
Shots
1 2 3 T
Bruins 6 11 11 28
Hurricanes 6 5 19 30

1st period

1. Bruins , Patrice Bergeron 1 (Nick Schmaltz 1, P.K. Subban 1) at 0:42
2. Bruins , Brendan Gallagher 1 (Leon Draisaitl 1, Noah Hanifin 1) at 9:47
3. Bruins , Markus Granlund 1 (Brendan Gallagher 1, Torey Krug 1) at 17:43

Penalties :
Brian Dumoulin (CAR) for Hooking (Minor) at 7:47, Jake Guentzel (BOS) for Tripping (Minor) at 15:26

2nd period

No Goal

Penalties :
Nick Foligno (CAR) for Holding (Minor) at 6:57, Dustin Byfuglien (CAR) for Interference (Minor) at 15:00

3rd period

4. Hurricanes , Mathew Dumba 1 (Vladimir Sobotka 1) at 4:16
5. Bruins , Leon Draisaitl 1 (Jake Muzzin 1, Jake Guentzel 1) at 12:40

Penalties :
P.K. Subban (BOS) for Hooking (Minor) at 4:43, Brock Boeser (BOS) for Tripping (Minor) at 17:27

Goalie Stats

Sergei Bobrovsky (BOS), 29 saves from 30 shots - (0.967), W, 1-0-0, 60:00 minutes
Frederik Andersen (CAR), 24 saves from 28 shots - (0.857), L, 0-1-0, 60:00 minutes

Players Stats for Bruins

Player Name              G  A  P  +/- PIM S  H  SB GA TA FO     MP     PP MP  PK MP  
------------------------------------------------------------------------------------
Aaron Ekblad             0  0  0   1  0   2  1  0  0  0  0/0    20:29   3:15   0:00 
Adam McQuaid             0  0  0   0  0   0  3  1  0  0  0/0    15:44   0:00   2:22 
Brendan Gallagher        1  1  2   1  0   3  2  0  0  0  0/1    15:15   2:02   0:00 
Brock Boeser             0  0  0   1  2   0  0  0  0  0  0/1    15:37   0:30   0:00 
Jake Debrusk             0  0  0   0  0   0  0  0  0  0  0/0     3:54   0:00   0:29 
Jake Guentzel            0  1  1   1  2   0  1  0  0  0  1/2    16:19   0:00   0:00 
Jake Muzzin              0  1  1   2  0   0  2  6  0  0  0/0    21:05   0:00   3:35 
Kevin Fiala              0  0  0   1  0   1  0  0  0  0  0/0    13:13   0:00   0:00 
Leon Draisaitl           1  1  2   1  0   5  0  0  0  0  13/22  22:32   2:32   3:40 
Markus Granlund          1  0  1   1  0   4  1  0  0  0  5/17   13:13   0:00   0:00 
Nick Schmaltz            0  1  1   1  0   2  0  0  0  0  1/3    18:33   3:25   0:00 
Niklas Kronwall          0  0  0   1  0   0  0  0  0  0  0/0     0:04   0:00   0:03 
Noah Hanifin             0  1  1  -1  0   1  0  1  0  0  0/0    18:25   2:42   2:22 
P.K. Subban              0  1  1   2  2   1  1  1  0  0  0/0    25:20   3:15   2:23 
Patrice Bergeron         1  0  1   1  0   7  1  0  0  0  14/24  24:49   3:25   2:51 
Ryan Spooner             0  0  0   1  0   1  3  0  0  0  1/10   22:08   2:32   3:16 
Tomas Plekanec           0  0  0   0  0   1  0  0  0  0  4/6     8:28   3:25   1:38 
Torey Krug               0  1  1   1  0   0  2  0  0  0  0/0    18:52   2:42   1:09 

Players Stats for Hurricanes

Player Name              G  A  P  +/- PIM S  H  SB GA TA FO     MP     PP MP  PK MP  
------------------------------------------------------------------------------------
Alex Chiasson            0  0  0  -2  0   0  0  0  0  0  1/2    15:22   0:00   0:38 
Brad Richardson          0  0  0   0  0   0  1  0  0  0  3/6     7:55   3:19   2:34 
Brett Pesce              0  0  0  -2  0   0  1  3  0  0  0/0    12:58   0:00   1:52 
Brian Dumoulin           0  0  0   1  2   2  2  2  0  0  0/0    19:20   3:03   2:29 
Bryan Little             0  0  0  -1  0   2  3  0  0  0  15/22  24:11   3:19   2:45 
Carl Hagelin             0  0  0  -2  0   2  2  0  0  0  0/2    15:16   0:00   2:34 
Derek Ryan               0  0  0  -2  0   2  1  0  0  0  12/23  15:55   2:38   0:35 
Dustin Byfuglien         0  0  0  -1  2   3  1  4  0  0  0/0    22:43   2:54   1:40 
Jan Rutta                0  0  0  -1  0   1  0  0  0  0  0/0     5:16   0:00   0:15 
Jon Merrill              0  0  0  -1  0   0  0  0  0  0  0/0     5:01   0:00   0:00 
Jordan Oesterle          0  0  0  -2  0   0  2  3  0  0  0/0    11:06   0:00   0:00 
Keith Yandle             0  0  0  -1  0   4  0  0  0  0  0/0    23:56   3:03   2:43 
Mathew Dumba             1  0  1   1  0   2  1  1  0  0  0/0    19:38   2:54   2:55 
Michael Frolik           0  0  0  -1  0   0  2  0  0  0  3/3    18:46   2:38   0:03 
Nick Foligno             0  0  0   0  2   3  1  0  0  0  1/1    19:54   2:38   0:00 
Tom Pyatt                0  0  0   0  0   2  0  0  0  0  0/0    17:17   0:00   0:00 
Vladimir Sobotka         0  1  1   0  0   3  1  0  0  0  11/25  17:17   0:00   0:00 
Zach Parise              0  0  0  -1  0   4  3  1  0  0  1/2    22:09   3:19   2:45 

3 Stars

1 - Brendan Gallagher (BOS)
2 - Leon Draisaitl (BOS)
3 - Sergei Bobrovsky (BOS)

Power Play

Bruins - 0 on 3 Attempt(s) - 0.00%
Hurricanes - 0 on 3 Attempt(s) - 0.00%

Penalty Kill

Bruins - 3 on 3 Attempt(s) - 100.00% - Score 0 goal in Penalty Kill
Hurricanes - 3 on 3 Attempt(s) - 100.00% - Score 0 goal in Penalty Kill

Team Stat

Bruins - Hits : 17 - Faceoff Wins : 39 - Blocked Shots : 9 - Penalty Minutes : 6
Hurricanes - Hits : 21 - Faceoff Wins : 47 - Blocked Shots : 14 - Penalty Minutes : 6

Official

Referees : Kevin Pollock and Dan O'Halloran
Linesman : Pierre Racicot and Jonny Murray

Game Notes

No Game Note

% Time on Ice - Bruins

Lines # - Real PCT - Wanted PCT - Time Play
Normal Forward
1 - 31% - 40% - 15:08
2 - 34% - 30% - 16:20
3 - 27% - 20% - 13:13
4 - 7% - 10% - 3:25
Normal Defense
1 - 36% - 40% - 17:30
2 - 31% - 30% - 15:01
3 - 28% - 20% - 13:22
4 - 5% - 10% - 2:13
PP Forward
1 - 57% - 60% - 3:25
2 - 43% - 40% - 2:32
PP Defense
1 - 55% - 60% - 3:15
2 - 45% - 40% - 2:42
PK Forward
1 - 73% - 60% - 4:19
2 - 27% - 40% - 1:38
PK Defense
1 - 60% - 60% - 3:35
2 - 40% - 40% - 2:22
PK3 Forward
1 - 0% - 60%
2 - 0% - 40%
PK3 Defense
1 - 0% - 60%
2 - 0% - 40%
44 Forward
1 - 0% - 60%
2 - 0% - 40%
44 Defense
1 - 0% - 60%
2 - 0% - 40%
Last Minute Offensive  - 0:00
Last Minute Defensive  - 0:00
Total
Forward - 60:00
Defense - 60:00

% Time on Ice - Hurricanes

Lines # - Real PCT - Wanted PCT - Time Play
Normal Forward
1 - 33% - 36% - 16:05
2 - 36% - 30% - 17:17
3 - 26% - 23% - 12:42
4 - 4% - 11% - 2:02
Normal Defense
1 - 38% - 37% - 18:10
2 - 29% - 31% - 13:49
3 - 23% - 21% - 11:06
4 - 10% - 11% - 5:01
PP Forward
1 - 56% - 57% - 3:19
2 - 44% - 43% - 2:38
PP Defense
1 - 51% - 56% - 3:03
2 - 49% - 44% - 2:54
PK Forward
1 - 57% - 54% - 3:23
2 - 43% - 46% - 2:34
PK Defense
1 - 52% - 56% - 3:07
2 - 48% - 44% - 2:50
PK3 Forward
1 - 0% - 55%
2 - 0% - 45%
PK3 Defense
1 - 0% - 57%
2 - 0% - 43%
44 Forward
1 - 0% - 52%
2 - 0% - 48%
44 Defense
1 - 0% - 53%
2 - 0% - 47%
Last Minute Offensive  - 0:00
Last Minute Defensive  - 0:00
Total
Forward - 60:00
Defense - 60:00

Play-by-Play

1st period


0:01 of 1st period - Bryan Little wins face-off versus Patrice Bergeron in neutral zone.
0:42 of 1st period - Shot by Nick Schmaltz.
0:42 of 1st period - Deflect By Patrice Bergeron.
0:42 of 1st period - Goal by Patrice Bergeron - Bruins : 1 - Hurricanes : 0.
0:43 of 1st period - Leon Draisaitl wins face-off versus Vladimir Sobotka in neutral zone.
1:45 of 1st period - Icing by Brett Pesce.
1:46 of 1st period - Markus Granlund wins face-off versus Derek Ryan in Hurricanes zone.
1:53 of 1st period - Shot by Carl Hagelin.
1:53 of 1st period - Stopped by Sergei Bobrovsky without a rebound.
1:54 of 1st period - Bryan Little wins face-off versus Markus Granlund in Bruins zone.
2:01 of 1st period - Shot by Zach Parise.
2:01 of 1st period - Shot Misses the Net.
3:03 of 1st period - Shot by Brock Boeser.
3:03 of 1st period - Deflect By Patrice Bergeron.
3:03 of 1st period - Stopped by Frederik Andersen without a rebound.
3:04 of 1st period - Vladimir Sobotka wins face-off versus Leon Draisaitl in Hurricanes zone.
3:13 of 1st period - Shot by Leon Draisaitl.
3:13 of 1st period - Stopped by Frederik Andersen without a rebound.
3:14 of 1st period - Derek Ryan wins face-off versus Tomas Plekanec in Hurricanes zone.
3:32 of 1st period - Patrice Bergeron is hit by Derek Ryan and loses puck.
5:10 of 1st period - Leon Draisaitl is hit by Zach Parise and loses puck.
5:31 of 1st period - Shot by Bryan Little.
5:31 of 1st period - Shot Blocked by Noah Hanifin.
5:47 of 1st period - Markus Granlund is hit by Zach Parise and loses puck.
5:53 of 1st period - Icing by Jake Muzzin.
5:54 of 1st period - Alex Chiasson wins face-off versus Markus Granlund in Bruins zone.
5:54 of 1st period - Dustin Byfuglien is hit by P.K. Subban and loses puck.
6:21 of 1st period - Icing by Keith Yandle.
6:22 of 1st period - Patrice Bergeron wins face-off versus Derek Ryan in Hurricanes zone.
6:57 of 1st period - Bryan Little is hit by Aaron Ekblad and loses puck.
7:47 of 1st period - Minor Penalty to Brian Dumoulin for Hooking.
7:48 of 1st period - Leon Draisaitl wins face-off versus Carl Hagelin in Hurricanes zone.
8:42 of 1st period - Off-side.
8:43 of 1st period - Patrice Bergeron wins face-off versus Brad Richardson in neutral zone.
9:47 of 1st period - Shot by Leon Draisaitl.
9:47 of 1st period - Deflect By Brendan Gallagher.
9:47 of 1st period - Goal by Brendan Gallagher - Bruins : 2 - Hurricanes : 0.
9:48 of 1st period - Vladimir Sobotka wins face-off versus Markus Granlund in neutral zone.
10:00 of 1st period - Shot by Tom Pyatt.
10:00 of 1st period - Stopped by Sergei Bobrovsky without a rebound.
10:01 of 1st period - Nick Foligno wins face-off versus Tomas Plekanec in Bruins zone.
10:08 of 1st period - Shot by Nick Foligno.
10:08 of 1st period - Shot Misses the Net.
10:22 of 1st period - Shot by Vladimir Sobotka.
10:22 of 1st period - Stopped by Sergei Bobrovsky without a rebound.
10:23 of 1st period - Leon Draisaitl wins face-off versus Derek Ryan in Bruins zone.
10:50 of 1st period - Icing by Carl Hagelin.
10:51 of 1st period - Patrice Bergeron wins face-off versus Derek Ryan in Hurricanes zone.
11:06 of 1st period - Off-side.
11:07 of 1st period - Bryan Little wins face-off versus Markus Granlund in neutral zone.
12:30 of 1st period - Off-side.
12:31 of 1st period - Leon Draisaitl wins face-off versus Vladimir Sobotka in neutral zone.
12:43 of 1st period - Jake Guentzel is hit by Dustin Byfuglien and loses puck.
13:08 of 1st period - Shot by Nick Foligno.
13:08 of 1st period - Shot Misses the Net.
13:23 of 1st period - Off-side.
13:24 of 1st period - Derek Ryan wins face-off versus Patrice Bergeron in neutral zone.
13:35 of 1st period - Shot by Derek Ryan.
13:35 of 1st period - Shot Misses the Net.
13:38 of 1st period - Carl Hagelin is hit by Jake Muzzin and loses puck.
13:45 of 1st period - Shot by Mathew Dumba.
13:45 of 1st period - Shot Blocked by Jake Muzzin.
14:54 of 1st period - Shot by Brendan Gallagher.
14:54 of 1st period - Stopped by Frederik Andersen without a rebound.
14:55 of 1st period - Vladimir Sobotka wins face-off versus Leon Draisaitl in Hurricanes zone.
14:59 of 1st period - Off-side.
15:00 of 1st period - Leon Draisaitl wins face-off versus Vladimir Sobotka in neutral zone.
15:26 of 1st period - Minor Penalty to Jake Guentzel for Tripping.
15:27 of 1st period - Derek Ryan wins face-off versus Ryan Spooner in Bruins zone.
15:55 of 1st period - Shot by Nick Foligno.
15:55 of 1st period - Shot Misses the Net.
16:07 of 1st period - Jake Muzzin is hit by Nick Foligno.
16:43 of 1st period - Shot by Mathew Dumba.
16:43 of 1st period - Shot Misses the Net.
16:45 of 1st period - Shot by Mathew Dumba.
16:45 of 1st period - Stopped by Sergei Bobrovsky without a rebound.
16:46 of 1st period - Bryan Little wins face-off versus Ryan Spooner in Bruins zone.
17:18 of 1st period - Shot by Zach Parise.
17:18 of 1st period - Stopped by Sergei Bobrovsky without a rebound.
17:19 of 1st period - Bryan Little wins face-off versus Ryan Spooner in Bruins zone.
17:20 of 1st period - Shot by Zach Parise.
17:20 of 1st period - Shot Misses the Net.
17:22 of 1st period - Shot by Keith Yandle.
17:22 of 1st period - Stopped by Sergei Bobrovsky without a rebound.
17:23 of 1st period - Brad Richardson wins face-off versus Ryan Spooner in Bruins zone.
17:41 of 1st period - Shot by Brendan Gallagher.
17:41 of 1st period - Shot Misses the Net.
17:43 of 1st period - Shot by Markus Granlund.
17:43 of 1st period - Goal by Markus Granlund - Bruins : 3 - Hurricanes : 0.
17:44 of 1st period - Patrice Bergeron wins face-off versus Vladimir Sobotka in neutral zone.
18:41 of 1st period - Torey Krug is hit by Brian Dumoulin and loses puck.
18:59 of 1st period - Off-side.
19:00 of 1st period - Brad Richardson wins face-off versus Markus Granlund in neutral zone.
19:02 of 1st period - Keith Yandle is hit by Brendan Gallagher and loses puck.
19:45 of 1st period - Keith Yandle is hit by Brendan Gallagher.
Goals for this period are 3 for Bruins vs 0 for Hurricanes.
Shots for this period are 6 for Bruins vs 6 for Hurricanes.

2nd period


0:01 of 2nd period - Zach Parise wins face-off versus Patrice Bergeron in neutral zone.
0:28 of 2nd period - Jake Muzzin is hit by Bryan Little and loses puck.
1:01 of 2nd period - Shot by Ryan Spooner.
1:01 of 2nd period - Shot Misses the Net.
1:03 of 2nd period - Shot by Torey Krug.
1:03 of 2nd period - Shot Misses the Net.
1:05 of 2nd period - Shot by Aaron Ekblad.
1:05 of 2nd period - Stopped by Frederik Andersen without a rebound.
1:06 of 2nd period - Vladimir Sobotka wins face-off versus Brendan Gallagher in Hurricanes zone.
1:06 of 2nd period - Vladimir Sobotka is hit by Markus Granlund.
1:29 of 2nd period - Off-side.
1:30 of 2nd period - Leon Draisaitl wins face-off versus Alex Chiasson in neutral zone.
1:37 of 2nd period - Shot by Leon Draisaitl.
1:37 of 2nd period - Stopped by Frederik Andersen without a rebound.
1:38 of 2nd period - Derek Ryan wins face-off versus Brock Boeser in Hurricanes zone.
2:04 of 2nd period - P.K. Subban is hit by Brian Dumoulin and loses puck.
2:09 of 2nd period - Shot by Patrice Bergeron.
2:09 of 2nd period - Shot Blocked by Brian Dumoulin.
2:11 of 2nd period - Shot by Nick Schmaltz.
2:11 of 2nd period - Stopped by Frederik Andersen without a rebound.
2:12 of 2nd period - Bryan Little wins face-off versus Ryan Spooner in Hurricanes zone.
2:27 of 2nd period - Shot by Zach Parise.
2:27 of 2nd period - Stopped by Sergei Bobrovsky without a rebound.
2:28 of 2nd period - Vladimir Sobotka wins face-off versus Markus Granlund in Bruins zone.
2:28 of 2nd period - Vladimir Sobotka is hit by Adam McQuaid.
2:32 of 2nd period - Shot by Vladimir Sobotka.
2:32 of 2nd period - Shot Misses the Net.
3:43 of 2nd period - Shot by Patrice Bergeron.
3:43 of 2nd period - Stopped by Frederik Andersen without a rebound.
3:44 of 2nd period - Jake Guentzel wins face-off versus Derek Ryan in Hurricanes zone.
4:13 of 2nd period - Shot by Alex Chiasson.
4:13 of 2nd period - Shot Misses the Net.
4:15 of 2nd period - Shot by Alex Chiasson.
4:15 of 2nd period - Shot Misses the Net.
4:53 of 2nd period - Icing by Mathew Dumba.
4:54 of 2nd period - Tomas Plekanec wins face-off versus Carl Hagelin in Hurricanes zone.
5:49 of 2nd period - Shot by Brendan Gallagher.
5:49 of 2nd period - Shot Misses the Net.
6:03 of 2nd period - Shot by Kevin Fiala.
6:03 of 2nd period - Shot Blocked by Dustin Byfuglien.
6:05 of 2nd period - Shot by Brendan Gallagher.
6:05 of 2nd period - Shot Misses the Net.
6:07 of 2nd period - Shot by Noah Hanifin.
6:07 of 2nd period - Shot Misses the Net.
6:09 of 2nd period - Shot by Brendan Gallagher.
6:09 of 2nd period - Shot Blocked by Zach Parise.
6:11 of 2nd period - Shot by Brendan Gallagher.
6:11 of 2nd period - Deflect By Kevin Fiala.
6:11 of 2nd period - Shot Misses the Net.
6:31 of 2nd period - Shot by Jake Guentzel.
6:31 of 2nd period - Shot Blocked by Dustin Byfuglien.
6:47 of 2nd period - Shot by Leon Draisaitl.
6:47 of 2nd period - Stopped by Frederik Andersen without a rebound.
6:48 of 2nd period - Patrice Bergeron wins face-off versus Vladimir Sobotka in Hurricanes zone.
6:57 of 2nd period - Minor Penalty to Nick Foligno for Holding.
6:58 of 2nd period - Nick Schmaltz wins face-off versus Brad Richardson in Hurricanes zone.
8:14 of 2nd period - Shot by Brendan Gallagher.
8:14 of 2nd period - Shot Misses the Net.
8:16 of 2nd period - Shot by Torey Krug.
8:16 of 2nd period - Shot Blocked by Dustin Byfuglien.
8:18 of 2nd period - Shot by Brendan Gallagher.
8:18 of 2nd period - Deflect By Ryan Spooner.
8:18 of 2nd period - Shot Misses the Net.
8:20 of 2nd period - Shot by Noah Hanifin.
8:20 of 2nd period - Shot Misses the Net.
8:37 of 2nd period - Icing by P.K. Subban.
8:38 of 2nd period - Bryan Little wins face-off versus Patrice Bergeron in Bruins zone.
8:55 of 2nd period - Icing by Aaron Ekblad.
8:56 of 2nd period - Patrice Bergeron wins face-off versus Bryan Little in Bruins zone.
9:22 of 2nd period - Shot by Kevin Fiala.
9:22 of 2nd period - Stopped by Frederik Andersen without a rebound.
9:23 of 2nd period - Derek Ryan wins face-off versus Leon Draisaitl in Hurricanes zone.
9:36 of 2nd period - Shot by Derek Ryan.
9:36 of 2nd period - Shot Misses the Net.
9:47 of 2nd period - P.K. Subban is hit by Carl Hagelin and loses puck.
10:30 of 2nd period - Icing by Brian Dumoulin.
10:31 of 2nd period - Derek Ryan wins face-off versus Markus Granlund in Hurricanes zone.
10:52 of 2nd period - Shot by Zach Parise.
10:52 of 2nd period - Shot Misses the Net.
11:00 of 2nd period - Markus Granlund is hit by Bryan Little.
11:03 of 2nd period - Off-side.
11:04 of 2nd period - Vladimir Sobotka wins face-off versus Nick Schmaltz in neutral zone.
11:07 of 2nd period - Patrice Bergeron is hit by Vladimir Sobotka and loses puck.
11:18 of 2nd period - Shot by Nick Foligno.
11:18 of 2nd period - Deflect By Tom Pyatt.
11:18 of 2nd period - Stopped by Sergei Bobrovsky without a rebound.
11:19 of 2nd period - Bryan Little wins face-off versus Leon Draisaitl in Bruins zone.
12:36 of 2nd period - Shot by Nick Foligno.
12:36 of 2nd period - Shot Misses the Net.
12:38 of 2nd period - Shot by Tom Pyatt.
12:38 of 2nd period - Deflect By Nick Foligno.
12:38 of 2nd period - Stopped by Sergei Bobrovsky without a rebound.
12:39 of 2nd period - Derek Ryan wins face-off versus Markus Granlund in Bruins zone.
13:09 of 2nd period - Icing by Alex Chiasson.
13:10 of 2nd period - Patrice Bergeron wins face-off versus Derek Ryan in Hurricanes zone.
13:10 of 2nd period - Nick Schmaltz is hit by Mathew Dumba and loses puck.
13:16 of 2nd period - Derek Ryan is hit by Torey Krug and loses puck.
13:19 of 2nd period - Shot by Carl Hagelin.
13:19 of 2nd period - Stopped by Sergei Bobrovsky with a rebound.
13:21 of 2nd period - Shot by Brian Dumoulin.
13:21 of 2nd period - Stopped by Sergei Bobrovsky with a rebound.
14:08 of 2nd period - Leon Draisaitl is hit by Jordan Oesterle and loses puck.
14:11 of 2nd period - Shot by Ryan Spooner.
14:11 of 2nd period - Shot Misses the Net.
14:13 of 2nd period - Shot by Jake Muzzin.
14:13 of 2nd period - Shot Blocked by Jordan Oesterle.
14:54 of 2nd period - Brendan Gallagher is hit by Michael Frolik and loses puck.
14:58 of 2nd period - Noah Hanifin is hit by Michael Frolik and loses puck.
15:00 of 2nd period - Minor Penalty to Dustin Byfuglien for Interference.
15:01 of 2nd period - Patrice Bergeron wins face-off versus Bryan Little in Hurricanes zone.
15:10 of 2nd period - Shot by Patrice Bergeron.
15:10 of 2nd period - Stopped by Frederik Andersen without a rebound.
15:11 of 2nd period - Patrice Bergeron wins face-off versus Bryan Little in Hurricanes zone.
15:12 of 2nd period - Shot by Aaron Ekblad.
15:12 of 2nd period - Stopped by Frederik Andersen without a rebound.
15:13 of 2nd period - Bryan Little wins face-off versus Patrice Bergeron in Hurricanes zone.
16:06 of 2nd period - Torey Krug is hit by Brad Richardson.
16:24 of 2nd period - Shot by Torey Krug.
16:24 of 2nd period - Shot Blocked by Brett Pesce.
16:26 of 2nd period - Shot by Noah Hanifin.
16:26 of 2nd period - Shot Blocked by Brett Pesce.
16:28 of 2nd period - Shot by Brendan Gallagher.
16:28 of 2nd period - Shot Blocked by Mathew Dumba.
16:30 of 2nd period - Shot by Ryan Spooner.
16:30 of 2nd period - Shot Misses the Net.
16:32 of 2nd period - Shot by Noah Hanifin.
16:32 of 2nd period - Stopped by Frederik Andersen without a rebound.
16:33 of 2nd period - Bryan Little wins face-off versus Patrice Bergeron in Hurricanes zone.
16:46 of 2nd period - Shot by Aaron Ekblad.
16:46 of 2nd period - Shot Misses the Net.
16:48 of 2nd period - Shot by P.K. Subban.
16:48 of 2nd period - Stopped by Frederik Andersen with a rebound.
17:10 of 2nd period - Shot by Brendan Gallagher.
17:10 of 2nd period - Shot Misses the Net.
18:30 of 2nd period - Shot by Patrice Bergeron.
18:30 of 2nd period - Stopped by Frederik Andersen without a rebound.
18:31 of 2nd period - Tomas Plekanec wins face-off versus Bryan Little in Hurricanes zone.
18:43 of 2nd period - Aaron Ekblad is hit by Bryan Little and loses puck.
19:16 of 2nd period - Icing by Torey Krug.
19:17 of 2nd period - Tomas Plekanec wins face-off versus Vladimir Sobotka in Bruins zone.
19:34 of 2nd period - Shot by Brian Dumoulin.
19:34 of 2nd period - Shot Blocked by Adam McQuaid.
19:52 of 2nd period - Shot by Jake Guentzel.
19:52 of 2nd period - Deflect By Leon Draisaitl.
19:52 of 2nd period - Shot Misses the Net.
19:58 of 2nd period - Shot by Leon Draisaitl.
19:58 of 2nd period - Shot Misses the Net.
Goals for this period are 0 for Bruins vs 0 for Hurricanes.
Shots for this period are 11 for Bruins vs 5 for Hurricanes.

3rd period


0:01 of 3rd period - Bryan Little wins face-off versus Patrice Bergeron in neutral zone.
0:04 of 3rd period - Jake Muzzin is hit by Zach Parise and loses puck.
0:19 of 3rd period - Shot by Zach Parise.
0:19 of 3rd period - Shot Hit the Post.
1:11 of 3rd period - Shot by Tom Pyatt.
1:11 of 3rd period - Shot Misses the Net.
1:13 of 3rd period - Shot by Brian Dumoulin.
1:13 of 3rd period - Shot Misses the Net.
1:15 of 3rd period - Shot by Nick Foligno.
1:15 of 3rd period - Shot Blocked by Jake Muzzin.
1:17 of 3rd period - Shot by Nick Foligno.
1:17 of 3rd period - Deflect By Vladimir Sobotka.
1:17 of 3rd period - Stopped by Sergei Bobrovsky without a rebound.
1:18 of 3rd period - Derek Ryan wins face-off versus Jake Guentzel in Bruins zone.
1:34 of 3rd period - Shot by Leon Draisaitl.
1:34 of 3rd period - Stopped by Frederik Andersen with a rebound.
1:59 of 3rd period - Shot by Ryan Spooner.
1:59 of 3rd period - Stopped by Frederik Andersen with a rebound.
2:47 of 3rd period - Shot by Bryan Little.
2:47 of 3rd period - Stopped by Sergei Bobrovsky without a rebound.
2:48 of 3rd period - Tomas Plekanec wins face-off versus Vladimir Sobotka in Bruins zone.
2:57 of 3rd period - Shot by Jake Debrusk.
2:57 of 3rd period - Deflect By Patrice Bergeron.
2:57 of 3rd period - Shot Misses the Net.
2:59 of 3rd period - Shot by Tomas Plekanec.
2:59 of 3rd period - Stopped by Frederik Andersen without a rebound.
3:00 of 3rd period - Vladimir Sobotka wins face-off versus Leon Draisaitl in Hurricanes zone.
3:19 of 3rd period - Icing by P.K. Subban.
3:20 of 3rd period - Leon Draisaitl wins face-off versus Bryan Little in Bruins zone.
3:35 of 3rd period - Shot by Ryan Spooner.
3:35 of 3rd period - Shot Misses the Net.
4:10 of 3rd period - Shot by Nick Schmaltz.
4:10 of 3rd period - Stopped by Frederik Andersen without a rebound.
4:11 of 3rd period - Vladimir Sobotka wins face-off versus Markus Granlund in Hurricanes zone.
4:16 of 3rd period - Shot by Mathew Dumba.
4:16 of 3rd period - Goal by Mathew Dumba - Bruins : 3 - Hurricanes : 1.
4:17 of 3rd period - Markus Granlund wins face-off versus Vladimir Sobotka in neutral zone.
4:32 of 3rd period - Shot by Nick Foligno.
4:32 of 3rd period - Stopped by Sergei Bobrovsky without a rebound.
4:33 of 3rd period - Patrice Bergeron wins face-off versus Derek Ryan in Bruins zone.
4:33 of 3rd period - Patrice Bergeron is hit by Carl Hagelin.
4:43 of 3rd period - Shot by Derek Ryan.
4:43 of 3rd period - Stopped by Sergei Bobrovsky without a rebound.
4:43 of 3rd period - Minor Penalty to P.K. Subban for Hooking.
4:44 of 3rd period - Leon Draisaitl wins face-off versus Brad Richardson in Bruins zone.
4:52 of 3rd period - Keith Yandle is hit by Jake Muzzin and loses puck.
4:57 of 3rd period - Shot by Zach Parise.
4:57 of 3rd period - Shot Misses the Net.
4:59 of 3rd period - Shot by Keith Yandle.
4:59 of 3rd period - Stopped by Sergei Bobrovsky without a rebound.
5:00 of 3rd period - Michael Frolik wins face-off versus Ryan Spooner in Bruins zone.
5:01 of 3rd period - Shot by Dustin Byfuglien.
5:01 of 3rd period - Stopped by Sergei Bobrovsky without a rebound.
5:02 of 3rd period - Ryan Spooner wins face-off versus Zach Parise in Bruins zone.
5:41 of 3rd period - Shot by Bryan Little.
5:41 of 3rd period - Stopped by Sergei Bobrovsky with a rebound.
5:43 of 3rd period - Shot by Brian Dumoulin.
5:43 of 3rd period - Shot Misses the Net.
6:07 of 3rd period - Shot by Nick Foligno.
6:07 of 3rd period - Stopped by Sergei Bobrovsky with a rebound.
6:30 of 3rd period - Icing by Dustin Byfuglien.
6:31 of 3rd period - Derek Ryan wins face-off versus Ryan Spooner in Hurricanes zone.
6:50 of 3rd period - Shot by Markus Granlund.
6:50 of 3rd period - Stopped by Frederik Andersen without a rebound.
6:51 of 3rd period - Brad Richardson wins face-off versus Markus Granlund in Hurricanes zone.
7:04 of 3rd period - Shot by Bryan Little.
7:04 of 3rd period - Shot Misses the Net.
7:11 of 3rd period - Markus Granlund is hit by Brett Pesce and loses puck.
7:26 of 3rd period - Shot by Brendan Gallagher.
7:26 of 3rd period - Shot Blocked by Jordan Oesterle.
7:28 of 3rd period - Shot by Markus Granlund.
7:28 of 3rd period - Stopped by Frederik Andersen with a rebound.
7:44 of 3rd period - Shot by Patrice Bergeron.
7:44 of 3rd period - Stopped by Frederik Andersen without a rebound.
7:45 of 3rd period - Patrice Bergeron wins face-off versus Vladimir Sobotka in Hurricanes zone.
8:00 of 3rd period - Shot by Patrice Bergeron.
8:00 of 3rd period - Shot Blocked by Dustin Byfuglien.
8:56 of 3rd period - Icing by P.K. Subban.
8:57 of 3rd period - Michael Frolik wins face-off versus Leon Draisaitl in Bruins zone.
9:00 of 3rd period - Shot by Jan Rutta.
9:00 of 3rd period - Shot Misses the Net.
9:14 of 3rd period - Shot by Michael Frolik.
9:14 of 3rd period - Shot Misses the Net.
9:16 of 3rd period - Shot by Michael Frolik.
9:16 of 3rd period - Shot Blocked by Jake Muzzin.
9:30 of 3rd period - Jan Rutta is hit by Jake Guentzel and loses puck.
9:51 of 3rd period - Shot by Nick Foligno.
9:51 of 3rd period - Shot Blocked by Jake Muzzin.
10:04 of 3rd period - Shot by Nick Foligno.
10:04 of 3rd period - Shot Blocked by P.K. Subban.
10:06 of 3rd period - Shot by Nick Foligno.
10:06 of 3rd period - Shot Misses the Net.
10:08 of 3rd period - Shot by Brian Dumoulin.
10:08 of 3rd period - Stopped by Sergei Bobrovsky without a rebound.
10:09 of 3rd period - Patrice Bergeron wins face-off versus Derek Ryan in Bruins zone.
10:20 of 3rd period - Shot by Patrice Bergeron.
10:20 of 3rd period - Stopped by Frederik Andersen without a rebound.
10:21 of 3rd period - Markus Granlund wins face-off versus Derek Ryan in Hurricanes zone.
10:27 of 3rd period - Off-side.
10:28 of 3rd period - Patrice Bergeron wins face-off versus Vladimir Sobotka in neutral zone.
12:12 of 3rd period - Icing by Alex Chiasson.
12:13 of 3rd period - Derek Ryan wins face-off versus Leon Draisaitl in Hurricanes zone.
12:13 of 3rd period - Derek Ryan is hit by Ryan Spooner.
12:16 of 3rd period - Icing by Carl Hagelin.
12:17 of 3rd period - Leon Draisaitl wins face-off versus Derek Ryan in Hurricanes zone.
12:26 of 3rd period - Shot by P.K. Subban.
12:26 of 3rd period - Shot Blocked by Brett Pesce.
12:28 of 3rd period - Shot by Leon Draisaitl.
12:28 of 3rd period - Shot Misses the Net.
12:30 of 3rd period - Shot by Jake Muzzin.
12:30 of 3rd period - Shot Blocked by Jordan Oesterle.
12:32 of 3rd period - Shot by P.K. Subban.
12:32 of 3rd period - Shot Misses the Net.
12:34 of 3rd period - Shot by Jake Guentzel.
12:34 of 3rd period - Shot Misses the Net.
12:36 of 3rd period - Shot by Jake Muzzin.
12:36 of 3rd period - Shot Misses the Net.
12:40 of 3rd period - Shot by Leon Draisaitl.
12:40 of 3rd period - Goal by Leon Draisaitl - Bruins : 4 - Hurricanes : 1.
12:41 of 3rd period - Markus Granlund wins face-off versus Vladimir Sobotka in neutral zone.
12:53 of 3rd period - Icing by Dustin Byfuglien.
12:54 of 3rd period - Leon Draisaitl wins face-off versus Vladimir Sobotka in Hurricanes zone.
12:58 of 3rd period - Icing by Dustin Byfuglien.
12:59 of 3rd period - Vladimir Sobotka wins face-off versus Leon Draisaitl in Hurricanes zone.
12:59 of 3rd period - Vladimir Sobotka is hit by Ryan Spooner.
13:02 of 3rd period - Keith Yandle is hit by Ryan Spooner.
13:04 of 3rd period - Shot by Vladimir Sobotka.
13:04 of 3rd period - Shot Blocked by Jake Muzzin.
13:06 of 3rd period - Shot by Tom Pyatt.
13:06 of 3rd period - Shot Misses the Net.
13:08 of 3rd period - Shot by Vladimir Sobotka.
13:08 of 3rd period - Stopped by Sergei Bobrovsky without a rebound.
13:09 of 3rd period - Bryan Little wins face-off versus Markus Granlund in Bruins zone.
13:14 of 3rd period - Shot by Zach Parise.
13:14 of 3rd period - Stopped by Sergei Bobrovsky without a rebound.
13:15 of 3rd period - Leon Draisaitl wins face-off versus Bryan Little in Bruins zone.
14:18 of 3rd period - Shot by Nick Foligno.
14:18 of 3rd period - Deflect By Tom Pyatt.
14:18 of 3rd period - Shot Misses the Net.
14:32 of 3rd period - Shot by Brock Boeser.
14:32 of 3rd period - Shot Blocked by Brian Dumoulin.
14:36 of 3rd period - Shot by Patrice Bergeron.
14:36 of 3rd period - Shot Hit the Post.
15:03 of 3rd period - Off-side.
15:04 of 3rd period - Markus Granlund wins face-off versus Derek Ryan in neutral zone.
15:09 of 3rd period - Shot by Brendan Gallagher.
15:09 of 3rd period - Shot Misses the Net.
15:11 of 3rd period - Shot by Markus Granlund.
15:11 of 3rd period - Stopped by Frederik Andersen without a rebound.
15:12 of 3rd period - Derek Ryan wins face-off versus Markus Granlund in Hurricanes zone.
15:37 of 3rd period - Shot by Brendan Gallagher.
15:37 of 3rd period - Stopped by Frederik Andersen without a rebound.
15:38 of 3rd period - Leon Draisaitl wins face-off versus Bryan Little in Hurricanes zone.
15:38 of 3rd period - Jake Muzzin is hit by Jordan Oesterle and loses puck.
15:42 of 3rd period - Icing by Jordan Oesterle.
15:43 of 3rd period - Michael Frolik wins face-off versus Nick Schmaltz in Hurricanes zone.
16:20 of 3rd period - Shot by Zach Parise.
16:20 of 3rd period - Stopped by Sergei Bobrovsky without a rebound.
16:21 of 3rd period - Vladimir Sobotka wins face-off versus Leon Draisaitl in Bruins zone.
16:25 of 3rd period - Icing by Aaron Ekblad.
16:26 of 3rd period - Leon Draisaitl wins face-off versus Vladimir Sobotka in Bruins zone.
17:11 of 3rd period - Keith Yandle is hit by Torey Krug and loses puck.
17:23 of 3rd period - Icing by Dustin Byfuglien.
17:24 of 3rd period - Vladimir Sobotka wins face-off versus Patrice Bergeron in Hurricanes zone.
17:24 of 3rd period - Vladimir Sobotka is hit by Patrice Bergeron.
17:27 of 3rd period - Minor Penalty to Brock Boeser for Tripping.
17:28 of 3rd period - Bryan Little wins face-off versus Ryan Spooner in Bruins zone.
17:53 of 3rd period - Shot by Keith Yandle.
17:53 of 3rd period - Stopped by Sergei Bobrovsky without a rebound.
17:54 of 3rd period - Derek Ryan wins face-off versus Patrice Bergeron in Bruins zone.
18:19 of 3rd period - Shot by Mathew Dumba.
18:19 of 3rd period - Shot Misses the Net.
18:21 of 3rd period - Shot by Dustin Byfuglien.
18:21 of 3rd period - Stopped by Sergei Bobrovsky with a rebound.
18:23 of 3rd period - Shot by Dustin Byfuglien.
18:23 of 3rd period - Stopped by Sergei Bobrovsky without a rebound.
18:24 of 3rd period - Bryan Little wins face-off versus Patrice Bergeron in Bruins zone.
18:41 of 3rd period - Shot by Zach Parise.
18:41 of 3rd period - Shot Blocked by Jake Muzzin.
18:43 of 3rd period - Shot by Keith Yandle.
18:43 of 3rd period - Stopped by Sergei Bobrovsky without a rebound.
18:44 of 3rd period - Bryan Little wins face-off versus Ryan Spooner in Bruins zone.
18:44 of 3rd period - Mathew Dumba is hit by Adam McQuaid and loses puck.
18:50 of 3rd period - Brad Richardson is hit by Adam McQuaid.
19:38 of 3rd period - Shot by Alex Chiasson.
19:38 of 3rd period - Shot Misses the Net.
19:40 of 3rd period - Shot by Jan Rutta.
19:40 of 3rd period - Stopped by Sergei Bobrovsky with a rebound.
19:42 of 3rd period - Shot by Carl Hagelin.
19:42 of 3rd period - Deflect By Derek Ryan.
19:42 of 3rd period - Stopped by Sergei Bobrovsky without a rebound.
19:43 of 3rd period - Patrice Bergeron wins face-off versus Vladimir Sobotka in Bruins zone.
Goals for this period are 1 for Bruins vs 1 for Hurricanes.
Shots for this period are 11 for Bruins vs 19 for Hurricanes.